 Dungeon Crawl Stone Soup version 0.18-a0-1088-g34ef3a2 (webtiles) character file.

31 Ijustatesigmund the Skirmisher (level 3, -2/29 HPs)
             Began as a Demonspawn Abyssal Knight on Jan 15, 2016.
             Was a Believer of Lugonu.
             Killed by a spatial distortion (4 damage)
             ... on level 2 of the Dungeon.
             The game lasted 00:04:08 (851 turns).

Ijustatesigmund the Skirmisher (DsAK)                Turns: 851, Time: 00:04:09

Health: -2/29      AC:  9    Str: 12    XL:     3   Next: 7%
Magic:  5/5        EV: 10    Int: 18    God:    Lugonu [**....]
Gold:   62         SH:  2    Dex: 13    Spells: 0 memorised, 2 levels left

rFire  . . .     SeeInvis .     a - +1 mace
rCold  + . .     Gourm    .     h - +0 ring mail
rNeg   . . .     Faith    .     (no shield)
rPois  .         Spirit   .     f - +1 helmet
rElec  .         Dismiss  .     (no cloak)
rCorr  .         Reflect  .     (no gloves)
SustAt .         Harm     .     (no boots)
MR     .....                    (no amulet)
Stlth  ..........               (no ring)
                                e - ring of protection from cold

@: brilliant, not resistant to hostile enchantments, extremely unstealthy
A: hooves 1, large bone plates 1
a: Depart the Abyss, Bend Space, Renounce Religion


You were on level 2 of the Dungeon.
You worshipped Lugonu.
Lugonu was pleased with you.
You were not hungry.

You visited 1 branch of the dungeon, and saw 2 of its levels.
You visited the Abyss 1 time.

You collected 62 gold pieces.

Inventory:

Hand Weapons
 a - a +1 mace (weapon)
Armour
 b - a +0 leather armour
 f - a +1 helmet (worn)
 h - a +0 ring mail (worn)
Jewellery
 e - a ring of protection from cold (left hand)
Scrolls
 j - a scroll of enchant weapon {unknown}
 l - a scroll of remove curse
Potions
 i - a potion of curing
Comestibles
 c - a bread ration
 k - a beef jerky


   Skills:
 + Level 3.3 Fighting
 * Level 2.6 Maces & Flails
 - Level 1.7 Armour
 - Level 0.8 Dodging
 + Level 2.9 Invocations


You had 2 spell levels left.
You didn't know any spells.

Dungeon Overview and Level Annotations

Branches:
Dungeon (2/15)

Altars:

Annotations:
D:2 Sigmund


Innate Abilities, Weirdness & Mutations

You have large cloven feet.
You are partially covered in large bone plates (AC +2, SH +2).


Message History

Something hits you. Something hits you but does no damage.
You completely miss something.
You feel less confused. Something hits you but does no damage.
You closely miss something.
You hear some strange, mumbled words.
Something tries to affect you, but you resist.
You closely miss something. Something hits you.
You closely miss something. Something hits you!
* * * LOW HITPOINT WARNING * * *
You miss something.
Sigmund appears from thin air!
Reactivating autopickup.
Sigmund hits you but does no damage.
You hit Sigmund but do no damage.
Sigmund gestures wildly while chanting.
Sigmund flickers and vanishes!
Deactivating autopickup; reactivate with Ctrl-A.
Space bends around you!
You blink.
You die...

#...)..##.....#..%#...#..#..l....
...........#..#####.# #..(....###
.(.....###.#.... .# # ##.####.#
...#......(##### .#.# #.# #..
#..#....#....# .#.# .# ###
#..#....#..### ... .#
#.....#....## ###.### #.
#.......#...###.....#
#######.###.....@.#
####.#.#.......# #....#.........#
###.####.#.......#
#........#......{#
#........#......ยง#
#........#.......#
#........#.......#
##.......##########


There were no monsters in sight!

Vanquished Creatures
  An adder (D:2)
  3 giant cockroaches
  3 goblins
  2 jackals (D:1)
  A ball python (D:1)
  7 bats
  2 giant newts (D:1)
  2 kobolds (D:1)
21 creatures vanquished.

Notes
Turn   | Place    | Note
--------------------------------------------------------------
     0 | Abyss:1  | Ijustatesigmund the Demonspawn Abyssal Knight began the quest for the Orb.
     0 | Abyss:1  | Reached XP level 1. HP: 18/18 MP: 2/2
    25 | D:1      | Escaped the Abyss
   259 | D:1      | Gained mutation: You are partially covered in large bone plates (AC +2, SH +2). [demonic ancestry]
   259 | D:1      | Reached XP level 2. HP: 18/24 MP: 4/4
   409 | D:1      | Reached ** piety under Lugonu
   653 | D:2      | Noticed Sigmund
   741 | D:2      | Gained mutation: You have large cloven feet. [demonic ancestry]
   741 | D:2      | Reached XP level 3. HP: 24/29 MP: 5/5
   851 | D:2      | Killed by a spatial distortion

Vault maps used:
D:1:      lemuel_arrival_tunnels
D:2:      kennysheep_doodads, uniq_natasha, uniq_sigmund
Abyss:1:  lemuel_flamethrower_3

Action                   || total
-------------------------++-------
Melee: Mace              ||    71
Invok: Bend Space        ||     1
  Use: Scroll            ||     4
       Potion            ||     2
